Map: [ESL] Oceanborn

Players

sebesdes

  • Race: Protoss Protoss
  • League: Grandmaster
  • Spawn Location: 5:00

gumiho - Winner!

  • Race: Terran Terran
  • Spawn Location: 11:00

Event: HomeStory Cup XXV

VOD

Have the link to the VOD?

Description

Time

  • Played on: June 21, 2024, 2:59 p.m.
  • Length: 8:28

All games in this series

Show
View Real Time Build Order
Export as new Build Order

sebesdes Protoss 

Build Orders: 1 Gate Expand, Blink Stalkers 

Get SALT Encoding   

  12  0:00  Probe  
  13  0:12  Probe  
  14  0:16  Pylon  
  14  0:24  Probe (Chrono Boost)  
  16  0:36  Gateway, Probe (Chrono Boost)  
  16  0:41  Probe (Chrono Boost)  
  16  0:46  Assimilator  
  17  0:51  Probe  
  18  1:04  Probe  
  19  1:16  Probe  
  20  1:23  Cybernetics Core  
  20  1:31  Nexus  
  20  1:34  Probe  
  21  1:42  Pylon  
  21  1:47  Probe  
  22  1:52  Assimilator  
  22  1:57  Adept (Chrono Boost)  
  22  2:00  Warp Gate  
  24  2:02  Probe  
  25  2:15  Probe  
  26  2:19  Adept (Chrono Boost)  
  28  2:27  Probe  
  29  2:33  Shield Battery  
  29  2:40  Stalker (Chrono Boost)  
  29  2:43  Twilight Council  
  31  2:51  Probe  
  32  2:52  Probe  
  33  3:03  Probe  
  27  3:17  Blink (Chrono Boost)  
  27  3:18  Probe (Chrono Boost)  
  27  3:19  Probe (Chrono Boost)  
  22  3:28  Probe (Chrono Boost)  
  22  3:30  Probe (Chrono Boost)  
  22  3:34  Probe  
  23  3:39  Probe  
  25  3:46  Probe  
  26  3:52  Probe  
  26  3:55  Stalker  
  29  3:58  Probe  
  30  4:05  Probe  
  31  4:10  Probe  
  31  4:13  Robotics Facility  
  33  4:17  Probe  
  33  4:22  Probe  
  34  4:26  Stalker  
  34  4:29  Probe  
  37  4:34  Probe  
  38  4:42  Gateway, Probe (Chrono Boost)  
  39  4:46  Probe (Chrono Boost)  
  39  4:49  Stalker  
  42  4:58  Probe (Chrono Boost)  
  44  5:00  Probe (Chrono Boost)  
  44  5:01  Observer  
  44  5:04  Probe (Chrono Boost)  
  44  5:06  Pylon  
  46  5:24  Nexus, Probe x2  
  48  5:33  Stalker  
  49  5:36  Probe x2  
  49  5:38  Stalker  
  49  5:41  Pylon  
  53  5:49  Probe  
  54  5:55  Nexus  
  54  5:56  Pylon  
  54  6:01  Stalker  
  54  6:02  Stalker  
  56  6:05  Probe  
  56  6:07  Probe  
  58  6:14  Immortal (Chrono Boost)  
  62  6:20  Probe  
  62  6:21  Probe  
  62  6:23  Assimilator  
  64  6:26  Pylon  
  64  6:32  Probe  
  65  6:37  Probe  
  65  6:40  Stalker x2  
  65  6:44  Pylon  
  67  6:50  Probe, Immortal (Chrono Boost)  
  64  7:08  Probe x2  
  63  7:09  Probe  
  63  7:15  Stalker x2  
  69  7:19  Gateway, Warp Prism (Chrono Boost)  
  69  7:20  Probe (Chrono Boost)  
  69  7:21  Gateway  
  73  7:22  Probe (Chrono Boost)  
  73  7:24  Probe (Chrono Boost)  
  74  7:33  Probe (Chrono Boost)  
  74  7:34  Probe (Chrono Boost)  
  74  7:35  Probe (Chrono Boost)  
  77  7:39  Probe (Chrono Boost)  
  77  7:40  Probe (Chrono Boost)  
  77  7:41  Probe (Chrono Boost)  
  80  7:45  Immortal (Chrono Boost)  
  80  7:48  Probe  
  85  7:52  Probe  
  85  7:53  Probe  
  85  7:54  Robotics Bay  
  85  7:55  Assimilator  
  87  8:00  Shield Battery, Stalker  
  89  8:10  Zealot  
  89  8:20  Zealot x2  
Show
View Real Time Build Order
Export as new Build Order

gumiho Terran - Winner!

Build Orders:  

Get SALT Encoding   

  12  0:00  SCV  
  13  0:12  SCV  
  14  0:17  Supply Depot  
  14  0:24  SCV  
  15  0:39  SCV  
  15  0:40  Barracks  
  16  0:45  Refinery  
  16  0:51  SCV  
  16  0:55  Refinery  
  17  1:03  SCV  
  18  1:15  SCV  
  19  1:27  Orbital Command  
  19  1:33  Factory  
  19  1:38  Barracks Tech Lab  
  19  1:43  Supply Depot  
  20  1:54  SCV  
  20  1:57  Marauder  
  20  1:58  Concussive Shells  
  22  2:06  SCV  
  23  2:17  Hellion  
  23  2:18  SCV  
  23  2:19  Marauder  
  23  2:22  Supply Depot  
  28  2:30  SCV  
  29  2:38  Factory Reactor  
  29  2:40  Marauder  
  31  2:52  Command Center  
  31  2:56  SCV  
  32  3:02  Marauder  
  34  3:09  SCV  
  35  3:19  Cyclone x2  
  35  3:22  SCV  
  35  3:26  Marauder  
  32  3:34  SCV, Starport  
  35  3:51  Cyclone  
  35  3:52  Cyclone  
  38  3:55  SCV  
  38  4:04  Orbital Command  
  38  4:07  SCV  
  37  4:10  Liberator  
  37  4:14  Barracks  
  40  4:19  SCV  
  41  4:25  Cyclone  
  41  4:29  Cyclone  
  46  4:31  SCV  
  46  4:33  SCV  
  46  4:37  Supply Depot  
  47  4:42  Refinery  
  47  4:43  SCV  
  47  4:45  SCV  
  49  4:54  Starport Tech Lab  
  49  4:55  SCV  
  49  4:57  SCV  
  49  4:59  Barracks  
  51  5:02  Cyclone  
  51  5:04  Barracks Reactor  
  53  5:07  SCV, Cyclone  
  53  5:09  SCV  
  57  5:18  Engineering Bay  
  57  5:19  SCV  
  57  5:20  Supply Depot  
  58  5:21  SCV  
  59  5:31  SCV  
  59  5:33  SCV  
  58  5:44  SCV  
  58  5:45  SCV, Marine x2  
  58  5:48  Factory Tech Lab  
  62  5:50  Barracks  
  62  5:54  Supply Depot  
  62  5:56  SCV  
  63  5:57  Marine x2  
  63  6:00  SCV  
  65  6:04  Marine x2  
  65  6:06  Siege Tank  
  70  6:12  Supply Depot  
  70  6:13  Supply Depot, Terran Infantry Weapons Level 1  
  70  6:16  SCV  
  71  6:19  Marine x2  
  71  6:20  Medivac  
  71  6:22  Supply Depot  
  71  6:25  Marine x2  
  77  6:27  SCV  
  78  6:33  SCV  
  78  6:38  Marine x2  
  78  6:39  Marine  
  82  6:40  Siege Tank  
  82  6:41  Combat Shield  
  82  6:45  Supply Depot, Refinery  
  83  7:02  Marine x2  
  83  7:07  Marine x3  
  86  7:10  SCV x2  
  86  7:14  Siege Tank  
  86  7:15  Medivac  
  93  7:20  Marine x2  
  93  7:21  Barracks  
  95  7:24  Barracks  
  95  7:25  Marine  
  96  7:32  Marine x2  
  98  7:37  Marine  
  98  7:40  SCV x2  
  98  7:42  Command Center  
  101  7:45  Marine x2  
  101  7:48  Starport Reactor  
  102  7:51  Marine x2  
  102  7:55  Siege Tank, Marine  
  108  8:03  Marine x2  
Tags
 
Add a new tag
Caveats
  • Supply blocks, unpowered buildings, or Contaminate may cause inaccurate times.
  • Supply counts are checked every 10 seconds.